Map: New Repugnancy LE

Players

Kelazhur

  • Race: Terran Terran
  • Spawn Location: 7:00

Hellraiser - Winner!

  • Race: Protoss Protoss
  • Spawn Location: 1:00

Event: 2019 WCS Summer

VOD

Have the link to the VOD?

Description

Time

  • Played on: July 13, 2019, 6:40 a.m.
  • Length: 14:12

All games in this series

Show
View Real Time Build Order
Export as new Build Order

Kelazhur Terran 

Build Orders:  

Get SALT Encoding   

  12  0:00  SCV  
  13  0:12  SCV  
  14  0:17  Supply Depot  
  14  0:24  SCV  
  15  0:38  SCV  
  15  0:39  Barracks  
  16  0:44  Refinery  
  16  0:50  SCV  
  16  0:55  Refinery  
  17  1:02  SCV  
  18  1:14  SCV  
  19  1:26  Reaper  
  19  1:27  Orbital Command  
  20  1:41  Factory  
  20  1:49  Supply Depot  
  20  1:52  SCV  
  21  1:58  Reaper  
  22  2:04  SCV  
  23  2:16  SCV  
  24  2:26  Hellion  
  24  2:28  Command Center  
  24  2:29  SCV  
  27  2:38  Starport  
  27  2:42  SCV  
  28  2:48  Widow Mine, Supply Depot  
  30  2:55  SCV  
  31  3:09  SCV  
  31  3:10  Widow Mine, Barracks Reactor  
  34  3:14  Medivac  
  36  3:21  SCV  
  37  3:33  Factory Tech Lab  
  37  3:34  SCV  
  38  3:38  Barracks  
  38  3:41  Orbital Command  
  38  3:45  Marine  
  38  3:46  Starport Tech Lab, Marine, SCV  
  41  3:55  Siege Tank, Orbital Command  
  44  3:58  SCV  
  45  4:04  Marine x2  
  47  4:13  SCV  
  47  4:15  Raven  
  49  4:25  SCV x2  
  49  4:30  Marine x2  
  53  4:34  Barracks  
  53  4:35  Supply Depot  
  53  4:37  SCV  
  54  4:40  SCV  
  54  4:44  Stimpack  
  53  4:46  Marine  
  53  4:47  Bunker  
  53  4:51  Supply Depot  
  54  4:57  Marine x2, SCV x2  
  58  5:01  Factory Reactor  
  58  5:09  SCV x2  
  58  5:10  Starport Reactor  
  58  5:13  Marauder  
  62  5:15  Marine  
  62  5:16  Marine  
  62  5:19  Refinery  
  64  5:21  SCV x2  
  64  5:27  Supply Depot  
  66  5:33  Supply Depot  
  66  5:34  Marine x2, Refinery, SCV x2  
  70  5:38  Combat Shield  
  70  5:42  Supply Depot  
  70  5:48  Marauder x2, SCV  
  75  5:58  Marine  
  75  5:59  Marine, SCV  
  75  6:02  Widow Mine x2, Medivac  
  83  6:07  Engineering Bay  
  83  6:10  Marauder x2, Supply Depot  
  87  6:11  SCV  
  87  6:12  SCV  
  87  6:16  Marine  
  87  6:17  Marine  
  93  6:25  Widow Mine  
  93  6:30  SCV  
  93  6:31  Widow Mine, Command Center, SCV  
  97  6:32  Supply Depot  
  97  6:33  Marauder  
  97  6:35  Medivac  
  101  6:43  Marine  
  102  6:54  Marauder, Marine, SCV x2  
  102  6:56  Terran Infantry Weapons Level 1  
  102  6:57  Marauder  
  102  7:00  Barracks x2  
  109  7:03  Starport  
  109  7:06  SCV  
  110  7:10  Supply Depot  
  108  7:21  Marauder  
  110  7:22  Concussive Shells  
  110  7:27  Supply Depot  
  110  7:31  Marine x2, Medivac x2  
  110  7:32  Marauder, Supply Depot  
  110  7:33  Supply Depot  
  118  7:43  Marauder  
  120  7:48  Viking  
  120  7:49  Armory  
  120  7:53  Marauder  
  121  8:04  Marauder  
  102  8:13  Marine  
  102  8:15  Marine, Marauder  
  102  8:18  Marine x2  
  104  8:21  Viking  
  104  8:25  Marauder  
  102  8:28  Orbital Command  
  102  8:30  SCV  
  102  8:31  Marine  
  102  8:33  SCV  
  103  8:36  Marauder  
  103  8:37  Barracks Reactor, Barracks Tech Lab  
  103  8:39  Viking  
  107  8:43  Viking  
  107  8:45  SCV  
  107  8:46  SCV  
  107  8:47  Marauder  
  113  8:50  Viking  
  113  8:54  SCV  
  116  8:58  Viking  
  116  8:59  SCV  
  119  9:03  Marauder x2, Marine  
  119  9:06  SCV  
  125  9:11  Marauder  
  125  9:12  Viking  
  125  9:15  Viking  
  131  9:20  Marine  
  131  9:24  Marauder x2  
  134  9:32  Marauder  
  134  9:33  Orbital Command  
  134  9:35  Terran Infantry Weapons Level 2  
  134  9:36  Viking  
  138  9:43  Marine  
  138  9:44  Supply Depot  
  139  9:46  Viking, Marauder  
  139  9:48  Viking  
  145  10:00  Viking, Marine  
  145  10:06  Viking, Marauder  
  150  10:21  Marauder x2, Marine x2  
  143  10:28  Marauder, Marine x2  
  111  10:39  Marine x2  
  111  10:43  Marauder x2, SCV x2  
  111  10:48  Marine  
  111  10:49  Marauder  
  116  10:54  SCV  
  116  10:55  SCV  
  118  10:58  Marine  
  121  11:04  Marauder  
  121  11:17  SCV x3  
  124  11:21  Marine, Refinery  
  124  11:22  Marine x5  
  130  11:27  Marauder  
  130  11:29  SCV x2  
  133  11:39  Marine x3  
  132  11:43  Marauder  
  125  11:49  Marauder, Marine  
  125  11:53  Marauder  
  114  11:57  Marine  
  102  12:04  Marine  
  102  12:05  Marine, Marauder  
  102  12:07  Marine  
  104  12:10  Marauder  
  104  12:14  Marauder  
  104  12:15  Marine, SCV  
  106  12:16  SCV  
  106  12:22  Marine x2  
  109  12:24  Marine  
  109  12:26  Marauder  
  109  12:28  Medivac  
  111  12:32  Marauder  
  111  12:33  Marine  
  111  12:35  Marauder  
  116  12:40  Marine x2  
  116  12:42  Marine  
  119  12:46  SCV x3  
  119  12:47  Marauder, Refinery x2  
  119  12:50  Marine  
  125  12:53  Marauder  
  125  12:54  Refinery, Medivac  
  125  12:57  Marauder  
  125  12:58  Marine x2, SCV x2  
  132  13:00  Marine  
  132  13:04  Widow Mine  
  138  13:10  Marauder  
  136  13:15  Marauder  
  136  13:17  Medivac  
  136  13:18  Marauder, Marine x2  
  136  13:19  Marine x2  
  143  13:20  SCV x2  
  143  13:23  Command Center  
  144  13:29  Medivac  
  144  13:31  Marauder  
  144  13:32  SCV  
  149  13:35  Supply Depot x2  
  149  13:36  Supply Depot  
  149  13:37  Medivac  
  149  13:38  SCV x2  
  151  13:42  Marine, Marauder  
  154  13:50  Marauder  
  154  14:00  SCV  
Show
View Real Time Build Order
Export as new Build Order

Hellraiser Protoss - Winner!

Build Orders: Colossus Rush 

Get SALT Encoding   

  12  0:00  Probe  
  13  0:12  Probe  
  14  0:17  Pylon  
  14  0:23  Probe  
  15  0:31  Probe  
  16  0:36  Gateway  
  16  0:39  Probe  
  16  0:45  Assimilator  
  17  0:51  Probe  
  18  1:03  Probe  
  19  1:16  Probe  
  20  1:23  Zealot  
  20  1:25  Cybernetics Core  
  22  1:28  Probe  
  23  1:34  Pylon  
  23  1:49  Nexus  
  23  1:51  Stalker  
  23  1:53  Probe  
  26  2:04  Warp Gate  
  26  2:06  Probe  
  26  2:12  Assimilator  
  26  2:16  Stalker  
  26  2:18  Probe  
  29  2:30  Probe  
  29  2:36  Pylon  
  30  2:42  Probe  
  31  2:51  Robotics Facility  
  31  2:54  Probe  
  31  2:57  Stalker  
  34  3:03  Probe  
  34  3:04  Probe  
  33  3:12  Probe, Gateway  
  34  3:16  Probe  
  36  3:22  Probe  
  36  3:24  Probe  
  37  3:34  Probe x2  
  38  3:43  Observer  
  38  3:46  Probe x2  
  41  3:50  Pylon  
  41  3:52  Stalker  
  43  3:58  Probe x2  
  45  4:07  Robotics Bay  
  45  4:08  Warp Prism  
  47  4:10  Probe x2  
  49  4:22  Probe x2  
  49  4:30  Probe x2  
  49  4:33  Robotics Bay  
  49  4:38  Probe x2  
  53  4:48  Probe  
  53  4:52  Adept x2, Pylon  
  56  4:55  Pylon  
  56  4:56  Assimilator  
  58  5:00  Colossus  
  58  5:06  Probe  
  58  5:10  Probe  
  58  5:12  Assimilator  
  58  5:13  Extended Thermal Lance  
  65  5:17  Adept  
  65  5:18  Adept  
  69  5:27  Gateway  
  69  5:28  Gateway  
  69  5:33  Twilight Council  
  69  5:36  Forge  
  69  5:37  Probe  
  69  5:39  Probe  
  71  5:49  Probe  
  70  5:51  Probe  
  68  5:58  Charge  
  68  6:02  Probe  
  68  6:03  Probe  
  61  6:05  Colossus  
  67  6:12  Probe  
  67  6:14  Probe  
  67  6:17  Photon Cannon  
  69  6:20  Probe  
  69  6:24  Protoss Ground Armor Level 1  
  70  6:26  Probe  
  72  6:36  Sentry  
  74  6:45  Sentry, Gateway x2, Zealot  
  77  6:47  Pylon  
  77  6:49  Pylon  
  77  6:51  Probe  
  78  6:56  Colossus  
  84  7:14  Zealot x2  
  84  7:15  Zealot x2  
  91  7:29  Nexus  
  91  7:30  Pylon  
  91  7:32  Probe  
  92  7:39  Probe  
  87  7:44  Templar Archives  
  86  7:53  Zealot x4  
  92  8:07  Warp Prism  
  92  8:08  Zealot x2  
  89  8:16  Stalker x2  
  89  8:18  Probe  
  89  8:19  Probe  
  89  8:23  Zealot  
  86  8:30  Probe  
  86  8:31  Probe  
  87  8:38  Sentry  
  87  8:39  Sentry x2  
  87  8:41  Stalker, Sentry  
  95  8:42  Probe x2  
  99  8:49  Stalker  
  99  8:50  Protoss Ground Weapons Level 1  
  99  8:54  Probe  
  103  8:57  Pylon  
  102  9:05  Pylon  
  102  9:07  Pylon  
  102  9:11  Disruptor  
  102  9:12  Stalker x2  
  102  9:13  Sentry  
  108  9:17  Stalker  
  113  9:24  Zealot x2  
  113  9:25  Blink  
  116  9:38  Disruptor  
  116  9:42  Gateway  
  116  9:44  Gateway  
  116  9:45  Pylon  
  119  10:02  Zealot x3  
  119  10:03  Zealot x3  
  131  10:09  Disruptor  
  111  10:31  Probe, Colossus  
  111  10:32  Probe  
  106  10:38  Zealot x5  
  106  10:39  Zealot x2  
  116  10:44  Probe x2  
  116  10:49  Assimilator  
  119  10:54  Probe, Assimilator  
  119  10:56  Probe x2  
  116  10:57  High Templar  
  116  10:58  High Templar  
  116  10:59  Zealot x4  
  126  11:05  Archon  
  126  11:06  Zealot x2, Probe  
  132  11:22  Zealot  
  132  11:23  Protoss Ground Armor Level 2, Zealot x3  
  139  11:26  Pylon  
  139  11:30  Pylon  
  139  11:40  Zealot  
  139  11:43  Disruptor  
  135  11:50  Zealot x7  
  140  11:57  Probe x2, Dark Shrine  
  140  11:58  Probe  
  139  12:04  Zealot, Colossus  
  137  12:09  Probe x2  
  137  12:15  Zealot x2  
  131  12:30  Zealot x4  
  137  12:43  Nexus  
  137  12:47  High Templar x3  
  137  12:48  High Templar  
  145  12:51  Archon  
  145  12:52  Archon  
  145  12:53  Stalker  
  147  13:00  Stalker  
  147  13:03  Pylon  
  148  13:09  Pylon  
  148  13:12  Colossus  
  148  13:17  Pylon  
  153  13:28  Stalker x2  
  153  13:29  Stalker  
  159  13:35  Probe  
  159  13:36  Probe  
  161  13:45  Zealot x3  
  162  13:51  Dark Templar x2  
  160  13:56  Probe x2  
  160  13:59  Probe  
Tags
 
Add a new tag
Caveats
  • Supply blocks, unpowered buildings, or Contaminate may cause inaccurate times.
  • Supply counts are checked every 10 seconds.